 Dungeon Crawl Stone Soup version 0.18-a0-1497-g788d838 (webtiles) character file.

105 milladamen the Skirmisher (level 4, -1/41 HPs)
             Began as a Hill Orc Fighter on Mar 4, 2016.
             Slain by a gnoll
             ... wielding a +2 spear of distortion
              (2 damage)
             ... on level 3 of the Dungeon.
             The game lasted 00:04:40 (1868 turns).

milladamen the Skirmisher (Hill Orc Fighter)        Turns: 1868, Time: 00:04:41

Health: -1/41      AC:  8    Str: 19    XL:     4   Next: 81%
Magic:  4/4        EV:  7    Int:  8    God:
Gold:   132        SH:  9    Dex: 10    Spells: 0 memorised, 3 levels left

rFire  . . .     SeeInvis .     a - +0 war axe
rCold  . . .     Gourm    .     b - +0 scale mail
rNeg   . . .     Faith    .     c - +0 shield
rPois  .         Spirit   .     (no helmet)
rElec  .         Dismiss  .     q - +0 cloak
rCorr  .         Reflect  .     (no gloves)
SustAt .         Harm     .     (no boots)
MR     .....                    (no amulet)
Stlth  ..........               (no ring)
                                (no ring)

@: not resistant to hostile enchantments, extremely unstealthy
A: no striking features
a: no special abilities


You were on level 3 of the Dungeon.
You were hungry.

You visited 1 branch of the dungeon, and saw 3 of its levels.

You collected 132 gold pieces.

Inventory:

Hand Weapons
 a - a +0 war axe (weapon)
Armour
 b - a +0 scale mail (worn)
 c - a +0 shield (worn)
 q - a +0 cloak (worn)
 t - a +1 ring mail of magic resistance
Jewellery
 p - a +2 ring of evasion {unknown}
Scrolls
 g - a scroll of magic mapping {unknown}
 i - 4 scrolls of identify {unknown}
 l - a scroll of enchant armour {unknown}
 m - a scroll of fog {unknown}
 r - a scroll of remove curse {unknown}
Potions
 d - 2 potions of might
 e - 2 potions of lignification {unknown}
 h - 3 potions of degeneration {unknown}
 j - a potion of agility {unknown}
 n - 4 potions of heal wounds {unknown}
 o - a potion of cancellation {unknown}
 s - a potion of curing {unknown}
Comestibles
 f - 2 bread rations
 k - 2 meat rations


   Skills:
 + Level 4.8 Fighting
 + Level 3.5 Axes
 + Level 4.1 Armour
 + Level 0.7 Dodging
 + Level 3.7 Shields


You had 3 spell levels left.
You didn't know any spells.

Dungeon Overview and Level Annotations

Branches:
Dungeon (3/15)

Altars:
Makhleb
Sif Muna


Message History

The gnoll is moderately wounded.
You block the gnoll's attack.
You barely miss the gnoll.
The gnoll is moderately wounded.
Your surroundings suddenly seem different.
You now have 132 gold pieces (gained 12).
You see here a scroll labeled SAZUFI VUCO.
The gnoll shouts!
The gnoll hits you but does no damage. Space bends around you.
* * * LOW HITPOINT WARNING * * *
The gnoll hits you but does no damage. Space bends around you.
* * * LOW HITPOINT WARNING * * *
You slash the gnoll!
The gnoll is severely wounded.
You block the gnoll's attack.
You closely miss the gnoll.
The gnoll is severely wounded.
The gnoll closely misses you. The gnoll hits you but does no damage.
Space bends around you.
You die...

# .. ## ## .##. .######
...#......# .#
#...##.#.# #.#
####.###.###.#.# ...
......g@.....#.# ...
#####.##.##?.#.## ...
####[##........# ...
...............#####...
.....##..#..##.........
... #................ .
#..##..#....#####
#......#.##.# #.#######
..........##.#


You could see a gnoll.

Vanquished Creatures
  4 gnolls
  2 adders
  An ooze (D:3)
  2 worms
  A dart slug (D:1)
  A giant gecko (D:2)
  A giant cockroach (D:1)
  2 goblins
  6 hobgoblins
  4 kobolds
  A quokka (D:2)
  A ball python (D:1)
  8 bats
  4 giant newts
38 creatures vanquished.

Notes
Turn   | Place    | Note
--------------------------------------------------------------
     0 | D:1      | milladamen the Hill Orc Fighter began the quest for the Orb.
     0 | D:1      | Reached XP level 1. HP: 19/19 MP: 1/1
    65 | D:1      | Reached XP level 2. HP: 17/27 MP: 2/2
   549 | D:1      | Reached XP level 3. HP: 33/33 MP: 3/3
  1076 | D:2      | Found a deep blue altar of Sif Muna.
  1379 | D:2      | Found a burning altar of Makhleb.
  1579 | D:2      | Reached XP level 4. HP: 41/41 MP: 4/4
  1866 | D:3      | HP: 1/41 [gnoll/spear of distortion (4)]
  1868 | D:3      | Slain by a gnoll

Vault maps used:
D:1:      dpeg_arrival_erosion, hangedman_glass_teeth
D:2:      lemuel_doored_altar, nicolae_overflow_crystal_walls
D:3:      grunt_pakellas_basics, vehumet_crystals, lemuel_crystal_altar,
          first_bread

Skill      XL: |  1  2  3 |
---------------+----------+-----
Fighting       | 4 |  4.8
Axes           | 3 |  3.5
Armour         | 4 |  4.1
Dodging        | |  0.7
Shields        | |  3.7

Action                   |  1- 3 |  4- 6 || total
-------------------------+-------+-------++-------
Melee: War axe           |    74 |    35 ||   109
  Eat: Beef jerky        |     1 |       ||     1
       Chunk             |     1 |       ||     1
